 Dungeon Crawl Stone Soup version 0.28.0 (webtiles) character file.

Game seed: 12083231400354564406

990 BorgnjorsVileCrotch the Cleaver (level 7, -2/61 HPs)
             Began as a Deep Dwarf Fighter on Feb 13, 2022.
             Slain by a bullfrog zombie (4 damage)
             ... on level 6 of the Dungeon.
             The game lasted 00:03:18 (614 turns).

BorgnjorsVileCrotch the Cleaver (Deep Dwarf Fighter) Turns: 614, Time: 00:03:19

Health: -2/61      AC:  6    Str: 22    XL:     7   Next: 98%
Magic:  5/5        EV:  9    Int:  8    God:
Gold:   37         SH:  4    Dex: 12    Spells: 6/6 levels left

rFire   . . .      SeeInvis .   a - +0 war axe
rCold   . . .      Faith    .   c - +0 buckler
rNeg    . . .      Spirit   .   b - +0 scale mail
rPois   .          Reflect  .   (no helmet)
rElec   .          Harm     .   (no cloak)
rCorr   .          Rampage  .   (no gloves)
Will    +....                   (no boots)
Stlth   ..........              (no amulet)
HPRegen 0.00/turn               (no ring)
MPRegen 0.09/turn               (no ring)

@: no status effects
A: damage resistance, heal wounds, sense surroundings 1, no regeneration
a: Heal Wounds


You were on level 6 of the Dungeon.
You visited 1 branch of the dungeon, and saw 7 of its levels.

You collected 37 gold pieces.

Inventory:

Hand Weapons
 a - a +0 war axe (weapon)
Armour
 b - a +0 scale mail (worn)
 c - a +0 buckler (worn)
Wands
 f - a wand of flame (17) {@v4}
   (You found it on level 5 of the Dungeon)
Scrolls
 e - 2 scrolls of amnesia
Potions
 d - 2 potions of might {@q3 !q}


   Skills:
 - Level 2.6 Fighting
 + Level 10.3 Axes
 - Level 3.2 Armour
 - Level 3.2 Shields


You had 6 spell levels left.
You didn't know any spells.
Your spell library was empty.

Dungeon Overview and Level Annotations

Branches:
Dungeon (7/15)
 Temple: D:4-7

Altars:

Shops:
D:5 *


Innate Abilities, Weirdness & Mutations

You are resistant to damage.
You can heal yourself by infusing magical energy.
You passively map a small area around you.
You do not regenerate.


Message History

The scorpion stings you.
The centaur zombie hits you but does no damage.
The centaur zombie barely misses you. The scorpion barely misses you.
The centaur zombie hits you but does no damage.
The centaur zombie kicks you but does no damage.
The scorpion stings you.
The centaur zombie hits you but does no damage.
The centaur zombie kicks you but does no damage.
The scorpion stings you.
You are poisoned.
The scorpion poisons you! The centaur zombie misses you.
You block the centaur zombie's attack. The scorpion closely misses you.
The centaur zombie hits you.
The centaur zombie kicks you but does no damage.
The scorpion stings you.
* * * LOW HITPOINT WARNING * * *
The centaur zombie hits you but does no damage.
The centaur zombie completely misses you.
The scorpion stings you.
* * * LOW HITPOINT WARNING * * *
You are more poisoned.
The scorpion poisons you!
The centaur zombie hits you but does no damage.
The centaur zombie kicks you but does no damage.
The centaur zombie barely misses you.
The centaur zombie kicks you but does no damage.
The scorpion stings you but does no damage.
The centaur zombie hits you but does no damage.
The centaur zombie closely misses you. The scorpion stings you.
The centaur zombie closely misses you.
The centaur zombie kicks you but does no damage.
The scorpion closely misses you. The centaur zombie hits you.
The centaur zombie kicks you but does no damage.
The scorpion stings you but does no damage.
The centaur zombie barely misses you.
The centaur zombie kicks you but does no damage.
The scorpion stings you.
* * * LOW HITPOINT WARNING * * *
The centaur zombie hits you but does no damage.
The centaur zombie kicks you but does no damage.
The scorpion barely misses you. The centaur zombie barely misses you.
The centaur zombie kicks you but does no damage.
The scorpion stings you.
You are more poisoned.
The scorpion poisons you!
The centaur zombie barely misses you. x2; The scorpion stings you.
* * * LOW HITPOINT WARNING * * *
The centaur zombie hits you but does no damage.
The centaur zombie closely misses you. The scorpion barely misses you.
The centaur zombie hits you but does no damage.
The centaur zombie closely misses you. The scorpion closely misses you.
The centaur zombie hits you but does no damage.
The centaur zombie kicks you. The scorpion stings you.
* * * LOW HITPOINT WARNING * * *
The centaur zombie hits you.
* * * LOW HITPOINT WARNING * * *
The centaur zombie closely misses you. The scorpion closely misses you.
The centaur zombie hits you but does no damage.
The centaur zombie kicks you but does no damage.
The centaur zombie hits you but does no damage.
The centaur zombie barely misses you. The scorpion barely misses you.
You block the centaur zombie's attack.
The centaur zombie kicks you but does no damage.
The scorpion stings you. The centaur zombie hits you.
* * * LOW HITPOINT WARNING * * *
The centaur zombie kicks you but does no damage.
The scorpion stings you!
* * * LOW HITPOINT WARNING * * *
The centaur zombie hits you but does no damage.
The centaur zombie kicks you but does no damage.
The scorpion stings you but does no damage.
You block the centaur zombie's attack. x2
The scorpion stings you but does no damage.
The centaur zombie hits you but does no damage.
The centaur zombie kicks you but does no damage.
The scorpion barely misses you.
The centaur zombie hits you but does no damage.
The centaur zombie barely misses you. The bullfrog zombie barely misses you.
The scorpion closely misses you.
You are no longer poisoned.
The centaur zombie hits you but does no damage.
The centaur zombie kicks you. You block the bullfrog zombie's attack.
The scorpion barely misses you.
The centaur zombie hits you but does no damage.
The centaur zombie closely misses you. The bullfrog zombie closely misses you.
The scorpion closely misses you.
The centaur zombie hits you but does no damage.
The centaur zombie kicks you but does no damage.
The bullfrog zombie hits you but does no damage.
The scorpion closely misses you.
The centaur zombie hits you but does no damage.
The centaur zombie kicks you but does no damage.
The bullfrog zombie hits you.
You die...

..#, ... ....##.#####
........,
..........#..## .##...
. #..........#..#
.#*... #............##
.. .< *#......#.....#
... #............##
....
,..#....#..<.....######
......Z##ZW......#.#.##
, *,
#..Z@sZZ..8........# *
,#.#.####...........# ,
... *#........<..## ,
..##. , #...#........#
, ... ,..
#.).#...P...... , ##
*.., ##..#..........
... #...........#.
..... ##.....##.
...##........
#.#.#......$....# #.#..
##.......


You could see a phantom, a scorpion, a bullfrog zombie, a centaur zombie, a
howler monkey zombie, a water moccasin skeleton and a bullfrog skeleton.

Vanquished Creatures
  Sigmund (D:4)
  3 necrophages
  An ogre (D:5)
  A phantom (D:5)
  A scorpion (D:5)
  A water moccasin skeleton (D:5)
  A hound (D:2)
  A jelly (D:5)
  2 iguanas (D:5)
  3 orc wizards (D:5)
  A killer bee zombie (D:5)
  5 adders
  A howler monkey skeleton (D:5)
  2 shadow imps
  2 white imps (D:5)
  An ufetubus (D:5)
  4 orcs (D:5)
  A bat (D:3)
  An endoplasm (D:2)
  A hobgoblin (D:2)
  A quokka (D:2)
  A ball python (D:3)
  2 kobolds (D:2)
38 creatures vanquished.

Vanquished Creatures (others)
  A withered plant (D:6)
1 creature vanquished.

Grand Total: 39 creatures vanquished

Notes
Turn   | Place    | Note
-------+----------+-------------------------------------------
     0 | D:1      | BorgnjorsVileCrotch the Deep Dwarf Fighter began the quest
                  | for the Orb.
     0 | D:1      | Reached XP level 1. HP: 20/20 MP: 1/1
    45 | D:2      | Noticed a hound
    51 | D:2      | Your magical essence is drained by the effort!
    59 | D:2      | Killed a hound
    60 | D:2      | Reached skill level 4 in Axes
    60 | D:2      | Reached XP level 2. HP: 14/27 MP: 1/1
    60 | D:2      | Reached XP level 3. HP: 18/33 MP: 2/2
    78 | D:2      | You fall into a shaft and drop 2 floors!
    78 | D:4      | Noticed Sigmund
    96 | D:4      | Killed Sigmund
    97 | D:4      | Reached skill level 6 in Axes
    97 | D:4      | Reached XP level 4. HP: 34/40 MP: 3/3
    97 | D:4      | Reached XP level 5. HP: 39/46 MP: 4/4
   165 | D:5      | Entered Level 5 of the Dungeon
   278 | D:5      | Reached skill level 7 in Axes
   278 | D:5      | Reached XP level 6. HP: 32/55 MP: 5/5
   288 | D:5      | Your magical essence is drained by the effort!
   334 | D:5      | Reached skill level 8 in Axes
   365 | D:5      | Reached XP level 7. HP: 34/61 MP: 5/5
   388 | D:5      | Reached skill level 9 in Axes
   415 | D:5      | Reached skill level 10 in Axes
   456 | D:5      | Found Zet Haam's Elemental Accessories.
   608 | D:6      | HP: 2/61 [scorpion (5)]
   614 | D:6      | Slain by a bullfrog zombie

Illustrated notes

Levels and vault maps discovered:
D:1:      dpeg_arrival_line_fractal, layout_loops_corners,
          shapermc_ecumenical_altar_flowoftime, kennysheep_doodads
D:2:      layout_rooms, minmay_tetromino_s2
D:3:      layout_basic, grunt_temple_overflow_gold_and_silver, tso_oasis_becter,
          minmay_misc_feat_secret_circle
D:4:      layout_rooms, cheibrodos_worm_habitat, uniq_sigmund
D:5:      layout_basic, nicolae_elemental_shop, minmay_pentangle
D:6:      nicolae_cairo_tiling_large_dashed, layout_cave_pools,
          minmay_temple_entry_sparse_star, serial_undead, serial_undead_e,
          serial_undead_b, serial_undead_d, serial_undead_a, glass_columns_a
D:7:      minmay_s_stair_smasher, layout_loops_corners, lemuel_doored_altar,
          gammafunk_temple_overflow_wave

Skill      XL: |  1  2  3  4  5  6  7 |
---------------+----------------------+-----
Axes           | 4 6 7 8 10 | 10.3
Fighting       | |  2.6
Armour         | |  3.2
Shields        | |  3.2

Action                   |  1- 3 |  4- 6 |  7- 9 || total
-------------------------+-------+-------+-------++-------
Melee: War axe           |    37 |    65 |    35 ||   137
 Abil: Heal Wounds       |     3 |     5 |     2 ||    10
  Use: Scroll            |       |       |     4 ||     4
Armor: Scale mail        |    22 |    35 |    80 ||   137
Dodge: Dodged            |    17 |    37 |    67 ||   121
Block: Buckler           |    11 |    18 |    25 ||    54
